 Dungeon Crawl Stone Soup version 0.32-a0-612-g1c984fe (webtiles) character file.

Game seed: 8122539955505655298

2087392 sdynet the Archmage (level 27, 227/227 HPs)
             Began as a Mountain Dwarf Fire Elementalist on Mar 1, 2024.
             Was a High Priest of Sif Muna.
             Escaped with the Orb
             ... and 4 runes on Mar 4, 2024!
             The game lasted 05:14:08 (87788 turns).

sdynet the Archmage (MDFE)                         Turns: 87788, Time: 05:14:09

Health: 227/227    AC: 22    Str: 12    XL:     27
Magic:  41/72      EV: 11    Int: 34    God:    Sif Muna [*****.]
Gold:   5957       SH: 10    Dex:  6    Spells: 9/80 levels left

rFire   + + .        a - +3 Elemental Staff {ele, rElec rF+ rC+ AC+3}
rCold   + + .        M - +3 buckler {reflect}
rNeg    + + .        o - +3 robe of Patterns {Will- Regen+ Dex-3 Archmagi}
rPois   +            (helmet restricted)
rElec   +            x - +2 cloak {Will+}
rCorr   .            A - +2 pair of gloves "Zeoxil" {rN++ MP+9 Int+3 Stlth+}
SInv    +            I - +2 pair of boots {Fly}
Will    +++..        N - amulet of Sunlight {rF++ Regen+}
Stlth   +            W - ring "Laijiena" {Fly rPois rC+ MP+9 Str-5}
HPRegen 2.17/turn    Q - ring of the Bellicose Tomato {*Corrode Will+ AC+4 Int+4}
MPRegen 0.43/turn

%: corrode self (3%), reflection, archmagi
@: flying, studying Fighting
A: runic magic, artefact enchanting, horns 1, see invisible, deformed body,
strong 1, heat vulnerability 1
0: Orb of Zot
}: 4/15 runes: decaying, slimy, silver, gossamer
a: Renounce Religion, Channel Magic, Forget Spell, Divine Exegesis


You escaped.
You worshipped Sif Muna.
Sif Muna was extremely pleased with you.
You visited 12 branches of the dungeon, and saw 56 of its levels.
You also visited: Bailey, Gauntlet and Ice Cave.

You collected 11253 gold pieces.
You spent 5296 gold pieces at shops.

Inventory:

Hand Weapons
 a - the +3 Elemental Staff (weapon) {ele, rElec rF+ rC+ AC+3}
   (You took it off a deep elf pyromancer on level 9 of the Dungeon)

   AC+3:      It affects your AC (+3).
   rF+:       It protects you from fire.
   rC+:       It protects you from cold.
   rElec:     It insulates you from electricity.
 b - the +6 Majin-Bo {spellvamp, MP+6 Int+6}
   (You found it on level 5 of the Vaults)

   Int+6:     It affects your intelligence (+6).
   MP+6:      It affects your magic capacity (+6).
Missiles
 J - 4 throwing nets
 R - 7 silver javelins
 Y - 29 curare-tipped darts
Armour
 h - a +2 helmet of see invisible
 o - the +3 robe of Patterns (worn) {Will- Regen+ Dex-3 Archmagi}
   (You found it on level 11 of the Dungeon)

   Dex-3:     It affects your dexterity (-3).
   Will-:     It decreases your willpower.
   Regen+:    It increases your rate of health regeneration.
   Archmagi:  It increases the power of your magical spells.
 x - a +2 cloak of willpower (worn)
 A - the +2 pair of gloves "Zeoxil" (worn) {rN++ MP+9 Int+3 Stlth+}
   (You acquired it on level 4 of the Vaults)

   Int+3:     It affects your intelligence (+3).
   rN++:      It greatly protects you from negative energy.
   MP+9:      It affects your magic capacity (+9).
   Stlth+:    It makes you more stealthy.
 I - a +2 pair of boots of flying (worn)
 M - a +3 buckler of reflection (worn)
Jewellery
 m - a ring of wizardry
 w - a ring of fire
 N - the amulet of Sunlight (around neck) {rF++ Regen+}
   (You found it in a Gauntlet)

   [amulet of regeneration]

   rF++:      It greatly protects you from fire.
   Regen+:    It increases your rate of health regeneration.
 Q - the ring of the Bellicose Tomato (right hand) {*Corrode Will+ AC+4 Int+4}
   (You took it off a deep elf annihilator on level 3 of the Elven Halls)

   [ring of protection]

   AC+4:      It affects your AC (+4).
   Int+4:     It affects your intelligence (+4).
   Will+:     It increases your willpower.
   *Corrode:  It may corrode you when you take damage.
 T - a ring of resist corrosion
 W - the ring "Laijiena" (left hand) {Fly rPois rC+ MP+9 Str-5}
   (You found it on level 5 of the Lair of Beasts)

   [ring of magical power]

   Str-5:     It affects your strength (-5).
   rC+:       It protects you from cold.
   rPois:     It protects you from poison.
   MP+9:      It affects your magic capacity (+9).
   Fly:       It grants you flight.
 Z - the ring of the Moon {Will+ Str+6}
   (You found it on level 5 of the Pits of Slime)

   [ring of strength]

   Str+6:     It affects your strength (+6).
   Will+:     It increases your willpower.
Talismans
 q - a talisman of death
Wands
 p - a wand of warping (80)
 y - a wand of digging (10)
 B - a wand of acid (34)
Scrolls
 i - 7 scrolls of immolation
 k - 8 scrolls of blinking
 r - 2 scrolls of enchant armour
 u - 21 scrolls of teleportation {!r}
 z - 8 scrolls of poison
 D - a scroll of amnesia
 E - 4 scrolls of summoning {!r}
 L - 6 scrolls of fear {!r}
 O - 8 scrolls of fog {!r}
 P - 6 scrolls of revelation {!r}
 V - 4 scrolls of silence {!r}
Potions
 c - 6 potions of cancellation {!q}
 d - 6 potions of attraction
 e - 3 potions of magic {!q}
 f - 4 potions of haste {!q}
 j - 7 potions of ambrosia {!q}
 l - 15 potions of curing {!q}
 n - 6 potions of lignification {!q}
 s - 3 potions of brilliance {!q}
 t - 15 potions of heal wounds {!q}
 v - 7 potions of mutation
 C - 7 potions of enlightenment {!q!q}
 G - 2 potions of resistance {!q}
 H - 2 potions of invisibility {!q}
Miscellaneous
 g - a phial of floods
 S - a sack of spiders (inert)
 U - a condenser vane (inert)


   Skills:
 - Level 15.0 Fighting
 - Level 10.0 Armour
 - Level 3.0 Dodging
 - Level 2.0 Stealth
 - Level 18.0 Shields
 O Level 27 Spellcasting
 + Level 19.7 Conjurations
 - Level 1.0 Hexes
 - Level 6.0 Summonings
 - Level 1.0 Necromancy
 - Level 1.0 Translocations
 O Level 27 Fire Magic
 - Level 6.0 Air Magic
 - Level 2.1 Earth Magic
 - Level 6.0 Alchemy
 - Level 18.0 Invocations
 - Level 4.0 Evocations
 - Level 2.0 Shapeshifting


You had 9 spell levels left.
You knew the following spells:

 Your Spells              Type           Power      Damage    Failure   Level
a - Stone Arrow           Conj/Erth      100%       3d13      1%          3
b - Scorch                Fire           100%       2d9       0%          2
c - Inner Flame           Hex/Fire       100%       N/A       0%          3
d - Spellforged Servitor  Conj/Summ      58%        N/A       2%          7
e - Fugue of the Fallen   Necr           68%        N/A       1%          3
f - Fireball              Conj/Fire      83%        3d31      0%          5
g - Ignition              Fire           87%        3d22      1%          8
h - Olgreb's Toxic Radia  Alch           92%        N/A       1%          4
i - Ignite Poison         Fire/Alch      100%       N/A       0%          4
j - Plasma Beam           Fire/Air       88%        2x1d107   1%          6
k - Bombard               Conj/Erth      67%        9d11      1%          6
m - Fire Storm            Conj/Fire      83%        8d21      3%          9
q - Blink                 Tloc           100%       N/A       1%          2
v - Volatile Blastmotes   Fire/Tloc      100%       2d18      0%          3
A - Apportation           Tloc           100%       N/A       1%          1
B - Sublimation of Blood  Necr           68%        N/A       1%          2
P - Passwall              Erth           94%        N/A       1%          3

Your spell library contained the following spells:

 Spells                   Type           Power      Damage    Failure   Level
 Foxfire                  Conj/Fire      100%       2x1d9     0%          1
 Kiss of Death            Conj/Necr      100%       2d13      0%          1
 Magic Dart               Conj           100%       1d8       0%          1
 Shock                    Conj/Air       100%       1d9       0%          1
 Sting                    Conj/Alch      100%       1d9       0%          1
 Momentum Strike          Conj/Tloc      100%       3d10      0%          2
 Searing Ray              Conj           100%       2d8       0%          2
 Static Discharge         Conj/Air       100%       3-8/arc   0%          2
 Flame Wave               Conj/Fire      100%       2d21      0%          4
 Sticky Flame             Fire/Alch      100%       2d15      0%          4
 Summon Blazeheart Golem  Fire/Summ      100%       N/A       0%          4
 Iskenderun's Battlesphe  Conj           100%       2d15      0%          5
 Starburst                Conj/Fire      83%        6d21      0%          6
 Freeze                   Ice            100%       1d10      1%          1
 Necrotise                Necr           100%       1d9       1%          1
 Sandblast                Erth           100%       2d20      1%          1
 Slow                     Hex            100%       N/A       1%          1
 Summon Small Mammal      Summ           100%       N/A       1%          1
 Call Imp                 Summ           100%       N/A       1%          2
 Cigotuvi's Dreadful Rot  Necr/Alch/Air  100%       N/A       1%          2
 Ensorcelled Hibernation  Hex/Ice        100%       N/A       1%          2
 Jinxbite                 Hex            100%       N/A       1%          2
 Lesser Beckoning         Tloc           100%       N/A       1%          2
 Mercury Vapours          Alch/Air       100%       N/A       1%          2
 Call Canine Familiar     Summ           92%        N/A       1%          3
 Confusing Touch          Hex            68%        N/A       1%          3
 Dazzling Flash           Conj/Hex       100%       N/A       1%          3
 Frozen Ramparts          Ice            100%       1d16      1%          3
 Gell's Gravitas          Tloc           68%        N/A       1%          3
 Hailstorm                Conj/Ice       100%       3d16      1%          3
 Mephitic Cloud           Conj/Alch/Air  100%       N/A       1%          3
 Ozocubu's Armour         Ice            80%        N/A       1%          3
 Sigil of Binding         Hex            68%        N/A       1%          3
 Summon Ice Beast         Ice/Summ       99%        N/A       1%          3
 Swiftness                Air            100%       N/A       1%          3
 Teleport Other           Tloc           68%        N/A       1%          3
 Tukima's Dance           Hex            68%        N/A       1%          3
 Vampiric Draining        Necr           68%        2d10      1%          3
 Airstrike                Air            57%        2d(9-25)  1%          4
 Animate Armour           Summ/Erth      100%       N/A       1%          4
 Brom's Barrelling Bould  Conj/Erth      100%       2d11      1%          4
 Fulminant Prism          Conj/Alch      58%        3d24      1%          4
 Iskenderun's Mystic Bla  Conj/Tloc      100%       2d19      1%          4
 Leda's Liquefaction      Alch/Erth      52%        N/A       1%          4
 Martyr's Knell           Necr/Summ      81%        N/A       1%          4
 Petrify                  Alch/Erth      100%       N/A       1%          4
 Summon Lightning Spire   Summ/Air       100%       N/A       1%          4
 Vhi's Electric Charge    Tloc/Air       100%       N/A       1%          4
 Alistair's Intoxication  Alch           61%        N/A       1%          5
 Arcjolt                  Conj/Air       70%        1d80      1%          5
 Freezing Cloud           Conj/Ice/Air   75%        6-21      1%          5
 Irradiate                Conj/Alch      58%        3d31      1%          5
 Conjure Ball Lightning   Conj/Air       70%        3x3d26    1%          6
 Orb of Destruction       Conj           67%        9d16      1%          7
 Anguish                  Hex/Necr       34%        N/A       3%          4
 Animate Dead             Necr           68%        N/A       3%          4
 Cause Fear               Hex            34%        N/A       3%          4
 Dimensional Bullseye     Hex/Tloc       34%        N/A       3%          4
 Dispel Undead            Necr           68%        3d23      3%          4
 Manifold Assault         Tloc           68%        N/A       3%          4
 Passage of Golubria      Tloc           68%        N/A       3%          4
 Silence                  Hex/Air        51%        N/A       3%          5
 Summon Forest            Summ/Tloc      40%        N/A       3%          5
 Summon Mana Viper        Hex/Summ       81%        N/A       3%          5
 Yara's Violent Unravell  Hex/Alch       40%        3d16      3%          5
 Lee's Rapid Deconstruct  Erth           47%        3d22*     6%          5
 Eringya's Noxious Bog    Alch           46%        4d6       7%          6
 Summon Cactus Giant      Summ           46%        N/A       7%          6
 Borgnjor's Vile Clutch   Necr/Erth      45%        N/A       8%          5
 Curse of Agony           Necr           68%        N/A       10%         5
 Metabolic Englaciation   Hex/Ice        42%        N/A       12%         5
 Sculpt Simulacrum        Ice/Alch       49%        N/A       22%         6
 Monstrous Menagerie      Summ           46%        N/A       36%         7
 Summon Hydra             Summ           46%        N/A       36%         7
 Lehudib's Crystal Spear  Conj/Erth      67%        10d15     36%         8
 Death Channel            Necr           34%        N/A       45%         6
 Dispersal                Tloc           34%        N/A       45%         6
 Haunt                    Necr/Summ      40%        N/A       71%         7
 Malign Gateway           Summ/Tloc      40%        N/A       71%         7
 Chain Lightning          Conj/Air       70%        3d93      95%         9
 Enfeeble                 Hex            34%        N/A       96%         7
 Maxwell's Capacitive Co  Air            57%        ∞         96%         8
 Summon Horrible Things   Summ           46%        N/A       96%         8
 Ozocubu's Refrigeration  Ice            40%        4d16      99%         7
 Borgnjor's Revivificati  Necr           34%        N/A       100%        8
 Discord                  Hex            34%        N/A       100%        8
 Disjunction              Tloc           34%        N/A       100%        8
 Infestation              Necr           34%        N/A       100%        8
 Death's Door             Necr           34%        N/A       100%        9
 Dragon's Call            Summ           46%        N/A       100%        9
 Polar Vortex             Ice            40%        12d5*     100%        9
 Shatter                  Erth           47%        3d36*     100%        9


Dungeon Overview and Level Annotations

Branches:
Dungeon (15/15)            Temple (1/1) D:5            Lair (5/5) D:9
  Swamp (4/4) Lair:2       Spider (4/4) Lair:2        Slime (5/5) Lair:5
    Orc (2/2) D:10            Elf (3/3) Orc:2        Vaults (5/5) D:13
  Crypt (3/3) Vaults:3       Tomb (0/3) Crypt:3      Depths (4/4) D:15
    Zot (5/5) Depths:4     Bailey (visited)           IceCv (visited)
Gauntlet (visited)

Altars:
Ashenzari
Cheibriados
Dithmenos
Elyvilon
Fedhas
Gozag
Hepliaklqana
Kikubaaqudgha
Makhleb
Nemelex Xobeh
Okawaru
Qazlal
Ru
Sif Muna
Trog
Uskayaw
Vehumet
Wu Jian
Xom
Yredelemnul
Zin
The Shining One
Beogh
Jiyva

Shops:
D:6 ?   D:8 =   D:12 (   Orc:2 [[*!!   Elf:1 [   Elf:2 (   Elf:3 ?   Vaults:1 *
Vaults:3 (!*   Vaults:5 (   Depths:2 [!?

Portals:
Hell: Depths:1 Depths:2 Depths:3 Depths:4
Abyss: Depths:1 Depths:3
Pandemonium: Depths:2 Depths:3
Ziggurat: Depths:1

Annotations:
Elf:1 1 runed translucent door, exclusion: door, Taefomeze's ghost, adept DrNe
Elf:2 3 runed translucent doors, exclusion: 3 doors


Innate Abilities, Weirdness & Mutations

Your spellcasting is much less encumbered by armour.
You can use scrolls of enchantment on lesser artefacts.
You have a pair of small horns on your head.
You have supernaturally acute eyesight. (SInv)
Armour fits poorly on your strangely shaped body.
Your muscles are strong. (Str +4, Int/Dex -1)
You are vulnerable to heat. (rF-)


Message History

The bolt of lightning hits the blizzard demon.
The blizzard demon completely resists.
The blizzard demon is lightly wounded.
The fiery plasma hits the blizzard demon!!!!
The blizzard demon is burned terribly!
You kill the blizzard demon!
Sif Muna accepts your kill.
Unknown command.
There is an open door here.
A hellwing comes into view.
You feel a huge surge of power!
The bolt of lightning hits the hellwing!!!!
You kill the hellwing!
Sif Muna accepts your kill.
An Executioner comes into view.
You feel a huge surge of power!
The bolt of lightning hits the Executioner!
The Executioner resists.
The Executioner is moderately wounded.
The fiery plasma hits the Executioner!!
The Executioner resists.
The Executioner is heavily wounded.
You feel a huge surge of power!
The bolt of lightning misses the Executioner.
The fiery plasma misses the Executioner.
The Executioner barely misses you.
The Executioner hits you but does no damage.
You block the Executioner's attack. The Executioner hits you. x2
You block the Executioner's attack.
You feel a huge surge of power!
The bolt of lightning misses the Executioner.
The fiery plasma hits the Executioner!!!
The Executioner resists.
You kill the Executioner!
Sif Muna accepts your kill.
Training target 18.0 for Shields reached!
Your Shields skill increases to level 18!
HP restored.
There is a staircase leading out of the dungeon here.
Char dumped successfully.
You have escaped!

#.# #........ #.# #########
#.# # #.# ##### ##### # #.#
###...###...### # # #.#
#.............# # # #)#
##.............## # #
#.###...###...###...# # #
#.......#@......#...# # ###
#.##....#.......#...# #
..######.####........^....##
# #.....##.# #......#......#
# #####..>.#
##.............## ####
###..# #...#.......#...#
#... #..#
#...#......>#...###.## ##
#..# #...###...###...##..#
.## #..#
##.............##..##


There were no monsters in sight!

Vanquished Creatures
  the Royal Jelly (Slime:5)
  6 ancient liches
  5 dread liches
  Mara (Vaults:3)
  2 orbs of fire
  5 pandemonium lords
  4 Killer Klowns
  2 curse toes (Zot:4)
  7 caustic shrikes (Depths:3)
  Nikola (Spider:3)
  10 golden dragons
  A profane servitor (Crypt:3)
  Norris (Vaults:3)
  4 bone dragons
  Arachne (Spider:2)
  2 electric golems
  2 hellephants (Depths:1)
  Zenata (Elf:1)
  14 tentacled monstrosities
  An Ice Fiend (Depths:1)
  Jorgrun (Spider:2)
  Asterion (Elf:1)
  24 Orb Guardians
  2 titans (Vaults:5)
  2 walking crystal tomes
  12 liches
  2 deep elf master archers
  2 deep elf blademasters (Elf:3)
  4 quicksilver dragons
  7 sphinxes
  An ancient champion (Crypt:1)
  Frances (Spider:1)
  An Executioner (D:1)
  19 acid blobs
  6 death cobs
  Aizul (Swamp:1)
  Kirke (D:14)
  7 protean progenitors
  11 storm dragons
  11 shadow dragons
  The ghost of Yjerus the Bludgeoner, an adept MiAK of Lugonu (D:15)
  Donald (Swamp:3)
  3 draconian monks
  10 azure jellies
  8 fenstrider witches
  2 iron dragons
  7 rockslimes
  7 tengu reavers
  10 frost giants
  7 fire giants
  6 draconian scorchers
  8 draconian knights
  9 draconian shifters
  9 deep elf sorcerers
  An emperor scorpion (Spider:1)
  11 ghost moths
  The ghost of Saucecrufibb the Severer, a journeyman DsBe of Trog (D:15)
  22 vault wardens
  5 deep elf elementalists (Elf:3)
  A balrug (Depths:3)
  19 ironbound preservers
  3 reapers
  10 quicksilver oozes
  2 caustic shrike zombies (Crypt:3)
  5 draconian stormcallers
  2 curse skulls (Crypt:3)
  Louise (Swamp:1)
  11 ghouls
  The ghost of Wyaw the Reanimator, a journeyman AtNe of Okawaru (D:14)
  A draconian annihilator (Zot:5)
  31 very ugly things
  7 orc warlords
  A caustic shrike skeleton (Crypt:1)
  6 broodmothers (Spider:4)
  5 spriggan defenders
  A demonspawn blood saint (Depths:3)
  7 vampire knights
  11 ironbound thunderhulks
  12 stone giants
  5 formless jellyfish
  2 demonspawn corrupters
  A rockslime zombie (Crypt:2)
  A lorocyproca (D:4)
  5 eleionomae
  16 green draconians
  The ghost of korenl137 the Severer, a journeyman MDFi of Beogh (D:14)
  11 black draconians
  Nessos (Orc:2)
  5 bunyips
  13 dire elephants
  A demonspawn black sun (D:4)
  9 deep elf demonologists (Elf:3)
  9 red draconians
  11 deep elf death magi
  3 war gargoyles
  11 yellow draconians
  5 deep elf annihilators
  10 purple draconians
  Azrael (Elf:1)
  The ghost of LoveAbyss the Mimic, a journeyman DrSh of Wu Jian (D:11)
  9 spark wasps
  12 white draconians
  9 eidola
  9 ettins
  Snorg (Orc:2)
  A minotaur (Gauntlet)
  2 blizzard demons
  3 jiangshi (Crypt:1)
  A shambling mangrove (Swamp:4)
  A mummy priest (Crypt:3)
  Josephine (Lair:5)
  The ghost of Heyr the Grappler, a journeyman TrSh of Sif Muna (D:13)
  An elf zombie (Crypt:2)
  8 fire dragons
  2 spriggan zombies
  16 yaktaur captains
  4 ice dragons
  A quicksilver dragon skeleton (Crypt:1)
  5 great orbs of eyes
  7 deep elf high priests
  3 rakshasas
  A ghost crab (Swamp:3)
  6 spriggan air magi
  9 entropy weavers
  3 jorogumos
  27 vault guards
  2 spriggan skeletons (Crypt:1)
  15 hydras
  11 centaur warriors
  A hell beast (Swamp:4)
  17 ironbound frosthearts
  A peacekeeper (Vaults:1)
  An anaconda (shapeshifter) (Vaults:5)
  3 alligators
  5 radroaches
  11 ogre magi
  16 two-headed ogres
  5 dancing weapons
  12 boulder beetles
  4 death knights
  6 deep troll earth magi
  5 deep troll shamans
  2 orc high priests
  6 death yaks (Lair:5)
  A titan zombie (Crypt:2)
  5 demonic crawlers
  4 hell hogs (Depths:1)
  8 tengu warriors
  6 vampire magi
  A shock serpent (shapeshifter) (Vaults:5)
  2 quicksilver ooze zombies (Crypt:1)
  3 occultists (Swamp:4)
  Nergalle (Lair:2)
  5 spriggan berserkers
  A soul eater (D:15)
  14 spriggans
  4 sun demons
  12 deep elf knights
  12 hell knights
  28 skeletal warriors
  6 goliath frogs
  7 skysharks
  A salamander mystic (Depths:1)
  2 sixfirhies (Swamp:4)
  52 deep trolls
  7 pharaoh ants
  6 iron trolls
  2 anaconda zombies (Crypt:3)
  A golden dragon zombie (Crypt:2)
  2 large abominations
  9 spriggan druids
  6 swamp dragons
  2 orange crystal statues
  7 orb spiders
  7 deep elf archers
  7 bog bodies
  6 flayed ghosts
  A glowing orange brain (D:7)
  A sun moth (Spider:3)
  8 arcanists
  19 ironbound convokers
  6 steelbarb worms
  6 lindwurms
  A golden dragon skeleton (Crypt:1)
  27 phantasmal warriors
  7 necromancers
  A steelbarb worm (shapeshifter) (Vaults:5)
  27 orc knights
  17 wolf spiders
  3 stone giant zombies (Crypt:3)
  6 orc sorcerers
  6 harpies
  51 ugly things
  2 thermic dynamos
  29 deep elf pyromancers
  23 deep elf zephyrmancers
  4 shining eyes
  2 iron dragon zombies
  A cyclops (shapeshifter) (Depths:4)
  A faun (shapeshifter) (Depths:4)
  A shadow dragon skeleton (Crypt:1)
  4 manticores
  3 will-o-the-wisps
  3 cyclopes
  Joseph (D:8)
  2 salamanders (Depths:1)
  6 meliai (Spider:4)
  5 elephants (Lair:5)
  32 moths of wrath
  2 kobold blastminers (Orc:2)
  2 stone giant skeletons
  A rust devil (D:15)
  7 black mambas
  A dire elephant zombie (Crypt:2)
  3 centaur zombies (Crypt:3)
  2 molten gargoyles (Lair:5)
  21 vault sentinels
  2 eyes of devastation (Slime:4)
  6 orange demons
  3 smoke demons
  A dire elephant skeleton (Crypt:2)
  8 torpor snails
  18 cane toads
  4 gargoyles
  An unseen horror zombie (Crypt:1)
  A naga skeleton (Crypt:1)
  A centaur skeleton (Crypt:1)
  A komodo dragon (shapeshifter) (Vaults:5)
  An unseen horror (D:11)
  32 yaktaurs
  A hellion (Depths:1)
  A kobold demonologist (D:11)
  6 freezing wraiths
  4 tengu conjurers
  22 rime drakes
  15 komodo dragons
  A black draconian skeleton (Crypt:2)
  A sea snake zombie (Crypt:1)
  A tormentor (Depths:4)
  2 ice devils
  A guardian mummy (Crypt:3)
  14 trolls
  A bloated husk (Swamp:2)
  19 polar bears
  A red devil (D:15)
  2 queen bees
  27 hornets
  4 hellwings
  A wind drake (shapeshifter) (D:13)
  17 tarantellas
  8 tyrant leeches
  5 harpy zombies
  7 blink frogs
  2 harpy skeletons
  11 dream sheep (Lair:5)
  Sigmund (D:4)
  2 glass eyes
  106 slime creatures
  3 vampires
  4 water elementals
  A jumping spider (shapeshifter) (Vaults:5)
  2 centaur simulacra
  4 ettin zombies
  An air elemental (Elf:1)
  A shadow (D:13)
  6 fire dragon skeletons (Crypt:1)
  28 jumping spiders
  21 culicivoras
  20 wraiths
  An ettin skeleton (Crypt:1)
  10 wyverns
  35 yaks
  A dire elephant simulacrum (Crypt:2)
  An ushabti (Crypt:3)
  6 basilisks
  8 golden eyes
  16 humans (D:13)
  5 fire elementals
  3 hogs (D:14)
  A black mamba skeleton (Crypt:1)
  3 wargs
  45 redbacks
  A steam dragon (Lair:5)
  17 vampire mosquitoes
  Menkaure (D:4)
  7 chaos spawn
  An acid dragon (D:10)
  A naga zombie (Crypt:3)
  11 swamp worms
  8 water moccasins
  8 hell hounds
  Duvessa (D:6)
  3 swamp drakes (Swamp:3)
  2 sky beasts (D:7)
  A cane toad skeleton (Crypt:1)
  5 ice beasts
  35 orc warriors
  An ettin simulacrum (Vaults:1)
  13 laughing skulls
  7 black bears
  A black mamba simulacrum (Crypt:1)
  16 centaurs
  A boggart (Vaults:2)
  22 ogres
  3 wolves
  A human skeleton (Vaults:1)
  9 phantoms
  3 nameless horrors
  10 bullfrogs
  23 kobold brigands
  A weeping skull (Gauntlet)
  3 earth elementals
  3 gnoll sergeants
  A small abomination (Depths:3)
  7 scorpions
  A draconian skeleton (Crypt:1)
  21 wights
  A shapeshifter zombie (Crypt:1)
  10 wyvern skeletons (Crypt:3)
  Dowan (D:6)
  36 killer bees
  4 electric eels
  9 howler monkeys
  A vampire bat (D:10)
  5 lava snakes (Lair:5)
  2 bombardier beetles (D:4)
  A black bear zombie (Crypt:2)
  Crazy Yiuf (D:2)
  2 gnoll boudas
  20 orc priests
  3 hounds
  2 iguanas
  A boggart zombie (Crypt:2)
  2 scorpion zombies
  7 sleepcaps (D:7)
  8 orc wizards
  5 killer bee zombies (D:7)
  A mummy (Crypt:3)
  27 gnolls
  4 adders
  11 shadow imps
  4 white imps
  2 dart slugs
  6 ribbon worms
  55 orcs
  3 bat skeletons (D:10)
  3 bat zombies (D:10)
  8 endoplasms
  6 goblins
  12 hobgoblins
  5 jackals
  2 quokkas
  5 ball pythons
  6 bats
  2 frilled lizards (D:1)
  A frilled lizard zombie (Crypt:2)
  A hobgoblin skeleton (Crypt:2)
  A jackal skeleton (Crypt:2)
  24 kobolds
  A quokka skeleton (Crypt:2)
  5 rats
  7 aspiring fleshes
  2 fire vortices
2584 creatures vanquished.

Vanquished Creatures (collateral kills)
  An ancient lich (Zot:5)
  4 orbs of fire
  A curse toe (Zot:2)
  The ghost of Jachav the Sorcerer, a veteran DECj of Vehumet (Vaults:1)
  2 caustic shrikes (Depths:3)
  4 golden dragons
  An electric golem (Zot:5)
  4 tentacled monstrosities
  2 Orb Guardians (Zot:5)
  A deep elf blademaster (Depths:1)
  An acid blob (Slime:5)
  2 death cobs
  A storm dragon (Zot:3)
  A tengu reaver (Depths:3)
  6 rockslimes (Slime:5)
  2 protean progenitors (Zot:2)
  A fire giant (Depths:3)
  2 draconian scorchers
  3 frost giants
  An iron dragon (Depths:2)
  A draconian monk (Zot:3)
  3 draconian shifters
  A cacodemon (Zot:1)
  2 draconian annihilators
  A draconian stormcaller (Zot:2)
  A spriggan defender (Depths:4)
  2 stone giants
  6 very ugly things
  A vampire knight (Depths:4)
  A purple draconian (Zot:4)
  2 bunyips (Zot:4)
  2 white draconians
  A spark wasp (Depths:3)
  A red draconian (Zot:2)
  An entropy weaver (Spider:4)
  An ettin (Zot:4)
  3 fire dragons (Depths:2)
  An ice dragon (Depths:4)
  A great orb of eyes (Zot:4)
  A hydra (Lair:4)
  2 rakshasas (Depths:2)
  A spriggan air mage (Depths:3)
  A deep troll shaman (Depths:2)
  A tengu warrior (Depths:3)
  An occultist (Depths:2)
  A sun demon (D:15)
  An iron troll (Depths:3)
  3 deep trolls
  A flayed ghost (Depths:3)
  2 glowing orange brains
  A shining eye (Slime:5)
  A shining eye (shapeshifter) (Depths:4)
  2 ugly things
  A salamander (Depths:1)
  4 slime creatures (Slime:5)
  5 moths of wrath
  A smoke demon (Depths:1)
  A tengu conjurer (Depths:3)
  A spriggan (shapeshifter) (Depths:3)
  A spriggan (Depths:4)
  4 water elementals (Depths:4)
  A golden eye (Slime:5)
  2 laughing skulls (Gauntlet)
  A black bear (Lair:4)
  A wolf (Lair:4)
  An aspiring flesh (Zot:4)
  2 fire vortices
118 creatures vanquished.

Vanquished Creatures (others)
  A caustic shrike zombie (Crypt:2)
  A golden dragon zombie (Crypt:2)
  A bloated husk (Swamp:1)
  A tyrant leech (Swamp:1)
  57 fire vortices
  246 foxfires
  23 fulminant prisms
330 creatures vanquished.

Grand Total: 3032 creatures vanquished

Notes
Turn   | Place    | Note
-------+----------+-------------------------------------------
     0 | D:1      | sdynet the Mountain Dwarf Fire Elementalist began the quest
                  | for the Orb.
     0 | D:1      | Reached XP level 1. HP: 14/14 MP: 3/3
   241 | D:1      | Reached skill level 1 in Conjurations
   449 | D:1      | Reached XP level 2. HP: 20/20 MP: 3/5
   452 | D:1      | Learned a level 2 spell: Scorch
  1146 | D:1      | Gained mutation: You have a pair of small horns on your
                  | head. [potion of mutation]
  1146 | D:1      | Gained mutation: Your muscles are strong. (Str +4, Int/Dex
                  | -1) [potion of mutation]
  1158 | D:2      | Reached XP level 3. HP: 23/26 MP: 2/6
  1346 | D:2      | Found a faded altar of an unknown god.
  1591 | D:2      | Found a runed translucent door.
  1592 | D:2      | Noticed Crazy Yiuf
  2153 | D:3      | Found Codal's Magic Scroll Shoppe.
  2186 | D:3      | Bought a scroll of noise for 11 gold pieces
  2187 | D:3      | Bought a scroll of blinking for 82 gold pieces
  2613 | D:3      | Found a hazy altar of Hepliaklqana.
  2622 | D:3      | Learned a level 3 spell: Fugue of the Fallen
  2746 | D:4      | Noticed Sigmund
  2757 | D:4      | Killed Sigmund
  2758 | D:4      | Reached skill level 1 in Fighting
  2758 | D:4      | Reached XP level 4. HP: 35/35 MP: 1/8
  2758 | D:4      | Reached XP level 5. HP: 40/40 MP: 1/9
  2839 | D:4      | Noticed an ogre
  2845 | D:4      | Reached XP level 6. HP: 29/50 MP: 5/10
  3177 | D:4      | Reached skill level 5 in Fighting
  3177 | D:4      | Reached XP level 7. HP: 61/61 MP: 1/11
  3657 | D:4      | Noticed Menkaure
  3663 | D:4      | Killed Menkaure
  4341 | D:5      | Entered Level 5 of the Dungeon
  4522 | D:5      | Found a staircase to the Ecumenical Temple.
  4536 | D:5      | Reached skill level 1 in Shapeshifting
  4537 | Temple   | Entered the Ecumenical Temple
  4794 | D:3      | Bought a scroll of teleportation for 33 gold pieces
  4794 | D:3      | Bought a scroll of identify for 22 gold pieces
  5420 | D:5      | You fall into a shaft and drop 1 floor!
  5426 | D:6      | Noticed Duvessa
  5426 | D:6      | Noticed Dowan
  5430 | D:6      | Killed Duvessa
  5430 | D:6      | Killed Dowan
  5431 | D:6      | Reached XP level 8. HP: 69/74 MP: 12/12
  6029 | D:6      | Reached skill level 10 in Fighting
  6199 | D:6      | Found a basalt altar of Yredelemnul.
  6309 | Temple   | Became a worshipper of Sif Muna the Loreminder
  6393 | D:5      | Learned a level 4 spell: Flame Wave
  6612 | D:6      | Found Qoeneot's Magic Scroll Shop.
  6619 | D:6      | Bought a scroll of poison for 60 gold pieces
  7208 | D:7      | Identified the +7 dagger of Nin Voomm {distort, Dex+2}
  7233 | D:7      | Reached XP level 9. HP: 86/86 MP: 0/13
  7795 | D:7      | Found a glowing silver altar of Zin.
  8085 | D:7      | Reached skill level 10 in Fire Magic
  8251 | D:3      | Bought a scroll of amnesia for 44 gold pieces
  8335 | D:6      | Bought a scroll of identify for 30 gold pieces
  8765 | D:7      | Reached * piety under Sif Muna
  9432 | D:7      | Reached skill level 1 in Invocations
  9439 | D:7      | Reached XP level 10. HP: 32/94 MP: 1/16
  9445 | D:7      | Learned a level 3 spell: Volatile Blastmotes
 10617 | D:8      | Noticed Joseph
 10628 | D:8      | Killed Joseph
 10629 | D:8      | Reached skill level 5 in Spellcasting
 10629 | D:8      | Reached skill level 1 in Translocations
 11098 | D:8      | Found a sparkling altar of Nemelex Xobeh.
 11260 | D:8      | Found a snail-covered altar of Cheibriados.
 11610 | D:8      | Found Lufif's Jewellery Shoppe.
 11718 | D:9      | Noticed a gargoyle
 11827 | D:9      | Reached ** piety under Sif Muna
 11922 | D:9      | Found a staircase to the Lair.
 12000 | D:9      | Learned a level 3 spell: Inner Flame
 12041 | D:9      | Found a flagged portal.
 12067 | Bailey   | Entered a bailey
 12099 | Bailey   | Noticed an orc warlord
 12123 | Bailey   | Reached skill level 1 in Evocations
 12222 | Bailey   | Reached *** piety under Sif Muna
 12254 | Bailey   | Found a runed translucent gate.
 12256 | Bailey   | Found a runed translucent gate.
 12258 | Bailey   | Found a runed translucent gate.
 12322 | Bailey   | Killed an orc warlord
 12323 | Bailey   | Reached skill level 5 in Invocations
 12323 | Bailey   | Reached XP level 11. HP: 98/101 MP: 10/21
 12456 | Bailey   | Got Lehudib's Octavo of Force and the Quake
 12474 | Bailey   | Learned a level 5 spell: Fireball
 13084 | D:9      | Reached skill level 1 in Armour
 13155 | D:9      | Noticed a deep elf pyromancer
 13159 | D:9      | Killed a deep elf pyromancer
 13239 | D:9      | Learned a level 2 spell: Searing Ray
 14006 | D:10     | Entered Level 10 of the Dungeon
 14191 | D:10     | Noticed a two-headed ogre
 14198 | D:10     | Killed a two-headed ogre
 14233 | D:10     | Found a shimmering altar of Xom.
 14233 | D:10     | Found an opulent altar of Gozag.
 14379 | D:10     | Found a staircase to the Orcish Mines.
 14437 | D:10     | Found a shadowy altar of Dithmenos.
 14471 | D:10     | Found a stormy altar of Qazlal.
 14703 | D:10     | Found an ancient bone altar of Kikubaaqudgha.
 14941 | D:10     | Reached **** piety under Sif Muna
 15072 | Lair:1   | Entered Level 1 of the Lair of Beasts
 15112 | Lair:1   | Acquired 1056 gold pieces
 15192 | D:8      | Bought an amulet of regeneration for 330 gold pieces
 15256 | D:6      | Bought a scroll of blinking for 112 gold pieces
 15256 | D:6      | Bought a scroll of vulnerability for 60 gold pieces
 15256 | D:6      | Bought a scroll of identify for 30 gold pieces
 15256 | D:6      | Bought a scroll of poison for 60 gold pieces
 15256 | D:6      | Bought a scroll of summoning for 142 gold pieces
 15340 | D:3      | Bought a scroll of acquirement for 572 gold pieces
 15509 | Lair:1   | Reached skill level 5 in Conjurations
 15734 | Lair:1   | Found an ornate altar of the Wu Jian Council.
 16515 | Lair:2   | Reached XP level 12. HP: 93/107 MP: 21/24
 16682 | Lair:2   | Noticed Nergalle
 16687 | Lair:2   | Reached skill level 5 in Armour
 16694 | Lair:2   | Killed Nergalle
 16842 | Lair:2   | Found a hole to the Spider Nest.
 17043 | Lair:2   | Found a staircase to the Swamp.
 17964 | Lair:3   | Noticed an eight-headed hydra
 17964 | Lair:3   | Found a gate leading to a gauntlet.
 17967 | Gauntlet | Entered a Gauntlet
 17967 | Gauntlet | Found a transporter.
 17967 | Gauntlet | Found a transporter.
 17967 | Gauntlet | Found a transporter.
 17968 | Gauntlet | Found a transporter.
 17969 | Gauntlet | Noticed a catoblepas
 17971 | Gauntlet | Found a transporter.
 17973 | Gauntlet | Found a large runed translucent door.
 17974 | Gauntlet | Found a large runed translucent door.
 17975 | Gauntlet | Found a large runed translucent door.
 17975 | Gauntlet | Found a large runed translucent door.
 17975 | Gauntlet | Found a runed translucent door.
 17976 | Gauntlet | Found a large runed translucent door.
 17981 | Gauntlet | Found a large runed translucent door.
 17982 | Gauntlet | Found a large runed translucent door.
 17983 | Gauntlet | Found a large runed translucent door.
 17984 | Gauntlet | Found a runed translucent gate.
 17986 | Gauntlet | Found a transporter.
 18052 | Gauntlet | Found a transporter.
 18068 | Gauntlet | Found a transporter.
 18083 | Gauntlet | Found a transporter.
 18097 | Gauntlet | Found a transporter.
 18113 | Gauntlet | Found a transporter.
 18115 | Gauntlet | Found a large runed translucent door.
 18116 | Gauntlet | Found a large runed translucent door.
 18117 | Gauntlet | Found a large runed translucent door.
 18117 | Gauntlet | Found a large runed translucent door.
 18118 | Gauntlet | Found a large runed translucent door.
 18118 | Gauntlet | Found a large runed translucent door.
 18118 | Gauntlet | Found a runed translucent gate.
 18118 | Gauntlet | Found a runed translucent door.
 18119 | Gauntlet | Found a large runed translucent door.
 18120 | Gauntlet | Found a large runed translucent door.
 18120 | Gauntlet | Found a transporter.
 18120 | Gauntlet | Found a runed translucent gate.
 18219 | Gauntlet | Identified the ring of Oleqo {rF+ Will+ Int-5 Dex+6}
 18307 | Gauntlet | Noticed a minotaur
 18308 | Gauntlet | Identified the amulet of Sunlight {rF++ Regen+}
 18411 | Gauntlet | Killed a minotaur
 18412 | Gauntlet | Reached skill level 10 in Spellcasting
 18583 | Lair:3   | Killed an eight-headed hydra
 19061 | Lair:3   | Reached XP level 13. HP: 99/114 MP: 22/28
 19073 | Lair:3   | Reached ***** piety under Sif Muna
 19261 | Lair:3   | Found an ornate altar of the Wu Jian Council.
 19262 | Lair:3   | Found a hide-covered altar of Uskayaw.
 19963 | Lair:4   | Received a gift from Sif Muna
 19964 | Lair:4   | Got Sif Muna's Dissertation on Luminous Dislocation {god
                  | gift}
 19986 | Lair:4   | Identified the +1 robe "Mingedd" {rCorr}
 20772 | Lair:5   | Entered Level 5 of the Lair of Beasts
 21202 | Lair:5   | Upgraded the game from 0.32-a0-576-g706899e to
                  | 0.32-a0-607-g64ea0e4
 21327 | Lair:5   | Reached skill level 15 in Fire Magic
 21428 | Lair:5   | Learned a level 4 spell: Iskenderun's Mystic Blast
 21701 | Lair:1   | Learned a level 4 spell: Fulminant Prism
 22007 | Lair:5   | Reached skill level 1 in Alchemy
 22153 | Lair:5   | Noticed Josephine
 22160 | Lair:5   | Killed Josephine
 22359 | Lair:5   | Reached XP level 14. HP: 122/122 MP: 19/30
 22628 | Lair:5   | Found a viscous altar of Jiyva.
 22634 | Lair:5   | Found a staircase to the Slime Pits.
 23085 | Lair:5   | Found a large runed translucent door.
 23439 | Lair:5   | Received a gift from Sif Muna
 23440 | Lair:5   | Got Cerebov's Tome of Flame {god gift}
 23473 | Lair:5   | Learned a level 4 spell: Olgreb's Toxic Radiance
 23478 | Lair:5   | Learned a level 4 spell: Ignite Poison
 23578 | Lair:5   | Found a large runed translucent door.
 24046 | Lair:5   | Identified the ring "Laijiena" {Fly rPois rC+ MP+9 Str-5}
 24231 | Lair:1   | Acquired 706 gold pieces
 24318 | Orc:1    | Entered Level 1 of the Orcish Mines
 24346 | Orc:1    | Noticed an orc warlord
 24353 | Orc:1    | Killed an orc warlord
 24645 | Orc:2    | Entered Level 2 of the Orcish Mines
 24645 | Orc:2    | Found a staircase to the Elven Halls.
 24648 | Orc:2    | Noticed Nessos
 24651 | Orc:2    | Killed Nessos
 24797 | Orc:2    | Found Ugeopruk's Distillery.
 24803 | Orc:2    | Found Nacougir's Distillery.
 24807 | Orc:2    | Reached skill level 5 in Alchemy
 24937 | Orc:2    | Found Muemaffa's Armour Boutique.
 24944 | Orc:2    | Found Labuivve's General Store.
 25023 | Orc:2    | Found a roughly hewn altar of Beogh.
 25198 | Orc:2    | Noticed Snorg
 25202 | Orc:2    | Killed Snorg
 25203 | Orc:2    | Reached XP level 15. HP: 127/127 MP: 13/32
 25374 | Orc:2    | Received a gift from Sif Muna
 25394 | Orc:2    | Found Haxki Fay's Antique Armour Emporium.
 26178 | D:2      | Killed Crazy Yiuf
 26459 | Orc:2    | Bought a runed cloak for 195 gold pieces
 27012 | D:11     | Found a transporter.
 27038 | D:11     | Noticed LoveAbyss's ghost (journeyman DrSh)
 27514 | D:11     | Identified the serpent talisman of Befe {rN+ Dex+3}
 27721 | D:11     | Found a transporter.
 27739 | D:11     | Killed LoveAbyss's ghost
 27747 | D:11     | Identified the +3 robe of Patterns {Will- Regen+ Dex-3
                  | Archmagi}
 27753 | D:11     | Identified the amulet "Qyackih" {Spirit +Blink Int+3}
 27976 | Orc:2    | Bought the +1 robe of Privacy {Rampage rElec rPois rN+} for
                  | 309 gold pieces
 28221 | Orc:2    | Bought a scroll of fear for 52 gold pieces
 28221 | Orc:2    | Bought a scroll of revelation for 97 gold pieces
 28221 | Orc:2    | Bought a scroll of poison for 52 gold pieces
 28226 | Orc:2    | Bought a potion of cancellation for 96 gold pieces
 28226 | Orc:2    | Bought a potion of brilliance for 48 gold pieces
 28226 | Orc:2    | Bought a potion of brilliance for 48 gold pieces
 28411 | D:12     | Received a gift from Sif Muna
 28420 | D:12     | Learned a level 6 spell: Plasma Beam
 28466 | D:12     | Reached skill level 10 in Invocations
 29051 | D:12     | Found Larol's Weapon Shop.
 29529 | D:13     | Found a gate to the Vaults.
 29532 | D:13     | Reached skill level 1 in Air Magic
 29534 | D:13     | Reached skill level 10 in Armour
 29991 | D:13     | Found a runed translucent door.
 29996 | D:13     | Noticed a lich
 30000 | D:13     | Noticed Heyr's ghost (journeyman TrSh)
 30002 | D:13     | Found a runed translucent door.
 30485 | D:14     | Noticed Kirke
 30491 | D:14     | Killed Kirke
 31207 | D:14     | Found a runed translucent gate.
 31208 | D:14     | Found a runed translucent gate.
 31209 | D:14     | Found a runed translucent gate.
 31209 | D:14     | Noticed korenl137's ghost (journeyman MDFi)
 31209 | D:14     | Noticed Wyaw's ghost (journeyman AtNe)
 31823 | D:14     | Killed korenl137's ghost
 31823 | D:14     | Received a gift from Sif Muna
 31824 | D:14     | Got Sif Muna's Omnibus of Soot {god gift}
 31835 | D:14     | Killed Wyaw's ghost
 31979 | D:15     | Entered Level 15 of the Dungeon
 32200 | D:15     | Found a runed translucent gate.
 32201 | D:15     | Found a runed translucent gate.
 32201 | D:15     | Found a runed translucent gate.
 32369 | D:15     | Found a shadowy altar of Dithmenos.
 32586 | D:15     | Noticed Yjerus's ghost (adept MiAK)
 32586 | D:15     | Noticed Saucecrufibb's ghost (journeyman DsBe)
 32699 | D:15     | Reached XP level 16. HP: 135/135 MP: 4/34
 32707 | D:15     | Reached skill level 15 in Spellcasting
 33289 | D:15     | Found a staircase to the Depths.
 33551 | D:15     | Killed Yjerus's ghost
 33553 | D:15     | Killed Saucecrufibb's ghost
 33862 | Spider:1 | Entered Level 1 of the Spider Nest
 33862 | Spider:1 | Noticed Frances
 33867 | Spider:1 | Killed Frances
 35114 | Spider:2 | Noticed Arachne
 35121 | Spider:2 | Killed Arachne
 35784 | Spider:2 | Reached skill level 5 in Air Magic
 35866 | Spider:2 | Identified the +1 hand axe of Karma {freeze, rN+ rCorr
                  | Str-5 Stlth+}
 36180 | Spider:2 | Noticed Jorgrun
 36186 | Spider:2 | Killed Jorgrun
 36837 | Spider:3 | Received a gift from Sif Muna
 36838 | Spider:3 | Got Sif Muna's Tome of Bombardment and the Atmosphere {god
                  | gift}
 37070 | Lair:1   | Learned a level 8 spell: Ignition
 37330 | Spider:3 | Noticed Nikola
 37337 | Spider:3 | Killed Nikola
 37611 | Spider:3 | Identified the +2 short sword "Fiqofaarr" {flame, Fly rPois
                  | Dex+3}
 38586 | Spider:4 | Entered Level 4 of the Spider Nest
 38818 | Spider:4 | Reached XP level 17. HP: 137/141 MP: 29/37
 40743 | Spider:4 | Received a gift from Sif Muna
 40744 | Spider:4 | Got Sif Muna's Quarto of the Mountains and Assaults {god
                  | gift}
 40870 | Spider:4 | Got a gossamer rune of Zot
 41139 | Swamp:1  | Entered Level 1 of the Swamp
 41692 | Swamp:1  | Noticed Louise
 41696 | Swamp:1  | Killed Louise
 41700 | Swamp:1  | Identified the serpent talisman of the Lumpy Spreadsheets
                  | {Will- Int+6}
 41700 | Swamp:1  | Noticed Aizul
 41705 | Swamp:1  | Killed Aizul
 42436 | Swamp:2  | Noticed a tentacled monstrosity
 42441 | Swamp:2  | Killed a tentacled monstrosity
 43561 | Swamp:2  | Learned a level 3 spell: Stone Arrow
 43569 | Swamp:3  | Reached XP level 18. HP: 149/149 MP: 24/39
 43572 | Swamp:3  | Identified the +1 kite shield of Valiance {rC- Will+ Dex+4}
 43572 | Swamp:3  | Noticed Donald
 43575 | Swamp:3  | Killed Donald
 43582 | Swamp:3  | Reached skill level 1 in Earth Magic
 44325 | Swamp:3  | Received a gift from Sif Muna
 44592 | Swamp:4  | Entered Level 4 of the Swamp
 44779 | Swamp:4  | Noticed a tentacled monstrosity
 44783 | Swamp:4  | Killed a tentacled monstrosity
 44932 | Swamp:4  | Got a decaying rune of Zot
 45286 | Swamp:4  | Identified the +1 plate armour of the Depths {rElec Str+5
                  | Int-4}
 45408 | Swamp:4  | Received a gift from Sif Muna
 45409 | Swamp:4  | Got Sif Muna's Essays on the Mob {god gift}
 46188 | D:13     | Killed a lich
 46194 | D:13     | Killed Heyr's ghost
 46455 | Spider:2 | Paralysed by a hornet for 1 turns
 46620 | Elf:1    | Entered Level 1 of the Elven Halls
 46795 | Elf:1    | Noticed Asterion
 46799 | Elf:1    | Killed Asterion
 47302 | Elf:1    | Noticed Zenata
 47307 | Elf:1    | Killed Zenata
 47307 | Elf:1    | Paralysed by an air elemental for 1 turns
 47310 | Elf:1    | Paralysed by an air elemental for 1 turns
 47518 | Elf:1    | Found a runed translucent door.
 47520 | Elf:1    | Noticed Taefomeze's ghost (adept DrNe)
 47541 | Elf:1    | Reached XP level 19. HP: 148/155 MP: 30/41
 47638 | Elf:1    | Noticed Azrael
 47643 | Elf:1    | Killed Azrael
 47971 | Elf:1    | Found Hotiydil's Armour Shoppe.
 48122 | Elf:2    | Found a runed translucent gate.
 48123 | Elf:2    | Found a runed translucent gate.
 48124 | Elf:2    | Found a runed translucent gate.
 48156 | Elf:2    | Found Toebajud's Weapon Emporium.
 48190 | Elf:2    | Received a gift from Sif Muna
 48191 | Elf:2    | Got Sif Muna's Writings on Chilblains and Thunder {god
                  | gift}
 48361 | Elf:2    | Found a glacial archway.
 48375 | IceCv    | Entered an ice cave
 49674 | IceCv    | Received a gift from Sif Muna
 49677 | IceCv    | Got Etaary Qeaps's Incunable of Cooperative Phlogiston {god
                  | gift}
 49708 | IceCv    | Got Ozownap's Vademecum on Allies
 50192 | Elf:3    | Entered Level 3 of the Elven Halls
 51221 | Elf:3    | Found Nemaukom's Magic Scroll Shop.
 51230 | Elf:3    | Bought a scroll of blinking for 90 gold pieces
 51536 | Elf:3    | Identified the +2 trident of Ravage {vamp, *Slow +Blink
                  | rElec}
 51538 | Elf:3    | Identified the ring of the Bellicose Tomato {*Corrode Will+
                  | AC+4 Int+4}
 51548 | Elf:3    | Identified the +8 great mace "Ciroycoc" {freeze, rN+}
 51548 | Elf:3    | Identified the ring of the Quahog {rC- rN+ EV+5 Str+3
                  | Dex+2}
 51549 | Elf:3    | Identified the ring of Departure {rF+ MP+9 Dex+3}
 51563 | Elf:3    | Identified the +0 long sword "Ysma" {elec, Dex+3}
 51564 | Elf:3    | Identified the +7 quarterstaff "Ipriug" {heavy, Dex+7}
 51735 | Elf:3    | Reached XP level 20. HP: 162/162 MP: 2/44
 51913 | Elf:3    | Lost mutation: You have a pair of small horns on your head.
                  | [potion of mutation]
 51913 | Elf:3    | Lost mutation: Your muscles are strong. (Str +4, Int/Dex
                  | -1) [potion of mutation]
 51913 | Elf:3    | Gained mutation: You expend magic power (3 MP) to
                  | strengthen your wands. [potion of mutation]
 51913 | Elf:3    | Lost mutation: You expend magic power (3 MP) to strengthen
                  | your wands. [potion of mutation]
 52157 | Elf:3    | Acquired 963 gold pieces
 52244 | Elf:3    | Bought a scroll of poison for 48 gold pieces
 52244 | Elf:3    | Bought 3 scrolls of poison for 144 gold pieces
 52244 | Elf:3    | Bought a scroll of fog for 48 gold pieces
 52363 | Orc:2    | Bought a potion of mutation for 112 gold pieces
 52363 | Orc:2    | Bought a potion of brilliance for 56 gold pieces
 52363 | Orc:2    | Bought a potion of brilliance for 56 gold pieces
 52363 | Orc:2    | Bought a potion of heal wounds for 70 gold pieces
 52369 | Orc:2    | Bought a potion of enlightenment for 60 gold pieces
 52369 | Orc:2    | Bought a potion of enlightenment for 60 gold pieces
 52369 | Orc:2    | Bought a potion of heal wounds for 60 gold pieces
 52575 | D:3      | Bought a scroll of revelation for 82 gold pieces
 52575 | D:3      | Bought 2 scrolls of fog for 88 gold pieces
 52659 | D:6      | Bought a scroll of enchant armour for 112 gold pieces
 52659 | D:6      | Gained mutation: Your spells are a little easier to cast,
                  | but a little less powerful. [potion of mutation]
 52659 | D:6      | Gained mutation: You are partially covered in iridescent
                  | scales. (AC +2) [potion of mutation]
 52660 | D:6      | Lost mutation: You are partially covered in iridescent
                  | scales. (AC +2) [potion of mutation]
 52660 | D:6      | Lost mutation: Your spells are a little easier to cast, but
                  | a little less powerful. [potion of mutation]
 52660 | D:6      | Gained mutation: You are weak. (Str -2) [potion of
                  | mutation]
 52660 | D:6      | Lost mutation: You are weak. (Str -2) [potion of mutation]
 52884 | Vaults:1 | Entered Level 1 of the Vaults
 53034 | Vaults:1 | Received a gift from Sif Muna
 53035 | Vaults:1 | Got Pyont's Opusculum on Vapourous Topology {god gift}
 53662 | Vaults:1 | Identified the +7 war axe "Yhoonef" {pain, +Blink}
 53680 | Vaults:1 | Identified the ring "Huzer" {rF+ rC+ Str+3 Int-5}
 53896 | Vaults:1 | Found a large runed translucent door.
 53896 | Vaults:1 | Found a large runed translucent door.
 53896 | Vaults:1 | Noticed Jachav's ghost (veteran DECj)
 53911 | Vaults:1 | Killed Jachav's ghost
 53976 | Vaults:1 | Found Ilouxunt's Assorted Antiques.
 53984 | Vaults:1 | Bought a bloodstained robe for 210 gold pieces
 53984 | Vaults:1 | Identified the +1 robe of Paset {rN+ Str+8 Dex-4} (You
                  | bought it in a shop on level 1 of the Vaults)
 55970 | Vaults:2 | Received a gift from Sif Muna
 55976 | Vaults:2 | Got Sif Muna's Notes on Crystalline Topology {god gift}
 56706 | Vaults:2 | Identified the +1 rapier of the Unspeakable One {freeze,
                  | Dex+2}
 56710 | Vaults:2 | Reached skill level 1 in Shields
 57577 | Vaults:3 | Found Ugigu's Distillery.
 57580 | Vaults:3 | Bought a potion of brilliance for 56 gold pieces
 57580 | Vaults:3 | Bought a potion of heal wounds for 70 gold pieces
 57580 | Vaults:3 | Bought a potion of mutation for 112 gold pieces
 57580 | Vaults:3 | Bought a potion of invisibility for 112 gold pieces
 57609 | Vaults:3 | Noticed Norris
 57613 | Vaults:3 | Killed Norris
 57622 | Vaults:3 | Reached XP level 21. HP: 141/169 MP: 3/46
 58764 | Vaults:3 | Noticed Mara
 58775 | Vaults:3 | Noticed sdynet's illusion
 58775 | Vaults:3 | Killed Mara
 58945 | Vaults:3 | Found Fala's Weapon Shop.
 59488 | Vaults:3 | Found Leutsyot's Assorted Antiques.
 59496 | Vaults:3 | Bought a dented platinum amulet for 170 gold pieces
 59499 | Vaults:3 | Bought a potion of heal wounds for 170 gold pieces
 59585 | Vaults:3 | Found a staircase to the Crypt.
 59585 | Vaults:3 | Found an ancient bone altar of Kikubaaqudgha.
 59586 | Vaults:3 | Found a basalt altar of Yredelemnul.
 59862 | Vaults:3 | Learned a level 9 spell: Fire Storm
 59976 | Vaults:4 | Acquired the +2 pair of gloves "Zeoxil" {rN++ MP+9 Int+3
                  | Stlth+}
 60766 | Vaults:4 | Received a gift from Sif Muna
 60771 | Vaults:4 | Got Ungyihy's Anthology of the Noxious Discharge {god gift}
 61432 | Vaults:4 | Reached ****** piety under Sif Muna
 62184 | Slime:1  | Entered Level 1 of the Pits of Slime
 62191 | Slime:1  | Reached XP level 22. HP: 177/177 MP: 10/48
 62667 | Crypt:1  | Entered Level 1 of the Crypt
 62668 | Crypt:1  | Received a gift from Sif Muna
 63098 | Crypt:1  | Reached skill level 10 in Conjurations
 64006 | Crypt:1  | Reached skill level 15 in Invocations
 64011 | Crypt:1  | Received a gift from Sif Muna
 64225 | Crypt:1  | Identified the +2 robe of the Blizzard {rN+ Str+5}
 65392 | Crypt:2  | Found an ancient bone altar of Kikubaaqudgha.
 65936 | Crypt:2  | Received a gift from Sif Muna
 65937 | Crypt:2  | Got Sif Muna's Teachings on Power and the Tropics {god
                  | gift}
 66341 | Crypt:3  | Entered Level 3 of the Crypt
 66545 | Vaults:5 | Entered Level 5 of the Vaults
 66566 | Vaults:5 | Noticed a dread lich
 66573 | Vaults:5 | Killed a dread lich
 66574 | Vaults:5 | Reached XP level 23. HP: 171/182 MP: 34/50
 66587 | Vaults:5 | Received a gift from Sif Muna
 66598 | Vaults:5 | Identified the +0 rapier of Hiuth {pain, ^Fragile MP-9
                  | Int+6 Stlth+}
 66974 | Vaults:5 | Identified the +2 mace of Light {protect, Str+2}
 67000 | Vaults:5 | Noticed an ancient lich
 67005 | Vaults:5 | Killed an ancient lich
 67234 | Vaults:5 | Identified the +3 leather armour "Gikunt" {Dex+4}
 67381 | Vaults:5 | Identified the +1 whip of the Valley {heavy, ^Contam rPois
                  | rF++ rCorr}
 67511 | Vaults:5 | Found Raler's Antique Weapon Shop.
 67695 | Vaults:5 | Got a silver rune of Zot
 68013 | Vaults:5 | Identified the +1 chain mail of Devotion {*Corrode Str+5
                  | Int+4}
 68021 | Vaults:5 | Found the +6 Majin-Bo {spellvamp, MP+6 Int+6}
 68396 | Crypt:3  | Received a gift from Sif Muna
 68524 | Crypt:3  | Found a basalt altar of Yredelemnul.
 68739 | Crypt:3  | Learned a level 3 spell: Passwall
 68742 | Crypt:3  | Learned a level 2 spell: Blink
 68744 | Crypt:3  | Learned a level 1 spell: Apportation
 68817 | Crypt:3  | Identified the +8 falchion of Yproac {antimagic, ^Drain rN+
                  | SInv}
 68817 | Crypt:3  | Identified the +10 broad axe "Ogre's Bane" {heavy, rF+
                  | Will+ MP+9 Dex+2}
 68847 | Crypt:3  | Got the Verses on Darkness
 69479 | Crypt:3  | Received a gift from Sif Muna
 69480 | Crypt:3  | Got Upneudem's Incunable of the Powerful Xenolith {god
                  | gift}
 70004 | Crypt:3  | Learned a level 2 spell: Sublimation of Blood
 70619 | Crypt:3  | Reached skill level 1 in Necromancy
 70624 | Crypt:3  | Reached skill level 1 in Hexes
 70849 | Crypt:3  | Found a staircase to the Tomb.
 71089 | Crypt:3  | Upgraded the game from 0.32-a0-607-g64ea0e4 to
                  | 0.32-a0-612-g1c984fe
 72209 | Slime:1  | Reached XP level 24. HP: 190/190 MP: 42/52
 73282 | Slime:3  | You are sucked into a shaft and drop 1 floor!
 73635 | Slime:4  | Received a gift from Sif Muna
 73659 | Slime:4  | Learned a level 7 spell: Spellforged Servitor
 73971 | Slime:2  | Reached skill level 1 in Summonings
 74194 | Slime:5  | Entered Level 5 of the Pits of Slime
 74218 | Slime:5  | Reached skill level 5 in Summonings
 74219 | Slime:5  | Noticed the Royal Jelly
 74223 | Slime:5  | Killed the Royal Jelly
 74379 | Slime:5  | Identified the ring of the Moon {Will+ Str+6}
 74397 | Slime:5  | Identified the amulet "Suelinej" {Faith rPois Stlth+}
 74426 | Slime:5  | Got a slimy rune of Zot
 74440 | Slime:5  | Identified the +1 robe of the Little Devil {rCorr Dex+2}
 74465 | Slime:5  | Identified the +0 ring mail "Saagyulu" {*Corrode rF+++
                  | Str-2 Dex+4}
 74486 | Slime:5  | Identified the +4 long sword "Killer Klown's Bane" {flame,
                  | rElec SInv}
 75356 | Depths:1 | Entered Level 1 of the Depths
 75356 | Depths:1 | Found a one-way gate to the infinite horrors of the Abyss.
 75601 | Depths:1 | Reached skill level 5 in Shields
 75785 | Depths:1 | Received a gift from Sif Muna
 75815 | Depths:1 | Got Sif Muna's Catalogue of the Lucent Gathering {god gift}
 75980 | Depths:1 | Found a gateway to Hell.
 76244 | Depths:1 | Identified the +10 longbow "Gram" {drain, rPois rN+ Dex+3}
 76244 | Depths:1 | Identified the +10 lajatang of Nightmares {freeze, Str+7}
 76244 | Depths:1 | Identified the +1 shadow dragon scales of Devotion {rElec
                  | Str+3 Stlth++++}
 76464 | Depths:1 | Found a one-way gateway to a ziggurat.
 76907 | Depths:2 | Found a one-way gate leading to the halls of Pandemonium.
 77063 | Depths:2 | Found a sacrificial altar of Ru.
 77181 | Depths:2 | Found Yjewnone's Antique Armour Emporium.
 77183 | Depths:2 | Found Wealuich's Distillery.
 77185 | Depths:2 | Found Suaso's Magic Scroll Emporium.
 77193 | Depths:2 | Bought a scroll of revelation for 90 gold pieces
 77195 | Depths:2 | Bought 2 potions of enlightenment for 150 gold pieces
 77195 | Depths:2 | Bought a potion of haste for 150 gold pieces
 77195 | Depths:2 | Bought a potion of haste for 150 gold pieces
 77195 | Depths:2 | Bought a potion of haste for 150 gold pieces
 77195 | Depths:2 | Bought a potion of brilliance for 60 gold pieces
 77195 | Depths:2 | Bought a potion of enlightenment for 75 gold pieces
 77803 | Depths:2 | Reached XP level 25. HP: 196/196 MP: 30/52
 78405 | Depths:3 | Received a gift from Sif Muna
 79063 | Depths:3 | Reached skill level 15 in Conjurations
 79673 | Depths:4 | Entered Level 4 of the Depths
 79862 | Depths:4 | Received a gift from Sif Muna
 79863 | Depths:4 | Got Sif Muna's Discourse on Spectres and Conjuring {god
                  | gift}
 79875 | Depths:4 | Reached skill level 27 in Spellcasting
 79913 | Depths:4 | Found a gate to the Realm of Zot.
 80176 | Depths:4 | Found an iron altar of Okawaru.
 80581 | Zot:1    | Entered Level 1 of the Realm of Zot
 80589 | Zot:1    | Reached skill level 10 in Shields
 80589 | Zot:1    | Noticed an orb of fire
 80597 | Zot:1    | Gained mutation: Armour fits poorly on your strangely
                  | shaped body. [an orb of fire]
 80599 | Zot:1    | Gained mutation: You are vulnerable to cold. (rC-) [an orb
                  | of fire]
 80604 | Zot:1    | HP: 5/196 [golden dragon (11)]
 80608 | Zot:1    | Gained mutation: Potions are less effective at restoring
                  | your health. [an orb of fire]
 80611 | Zot:1    | Gained mutation: You occasionally shout uncontrollably at
                  | your foes. [an orb of fire]
 80612 | Zot:1    | Reached XP level 26. HP: 16/203 MP: 22/54
 80613 | Zot:1    | Killed an orb of fire
 80631 | Depths:4 | Learned a level 6 spell: Bombard
 80802 | Depths:4 | Lost mutation: You occasionally shout uncontrollably at
                  | your foes. [potion of mutation]
 80802 | Depths:4 | Lost mutation: Armour fits poorly on your strangely shaped
                  | body. [potion of mutation]
 80802 | Depths:4 | Lost mutation: You are vulnerable to cold. (rC-) [potion of
                  | mutation]
 80802 | Depths:4 | Gained mutation: You have supernaturally acute eyesight.
                  | (SInv) [potion of mutation]
 80802 | Depths:4 | Gained mutation: You are occasionally teleported next to
                  | monsters. [potion of mutation]
 80802 | Depths:4 | Lost mutation: You have supernaturally acute eyesight.
                  | (SInv) [potion of mutation]
 80803 | Depths:4 | Lost mutation: You are occasionally teleported next to
                  | monsters. [potion of mutation]
 80803 | Depths:4 | Lost mutation: Potions are less effective at restoring your
                  | health. [potion of mutation]
 80803 | Depths:4 | Gained mutation: You are resistant to electric shocks.
                  | (rElec) [potion of mutation]
 83894 | Zot:4    | Noticed an orb of fire
 83895 | Zot:4    | Gained mutation: Armour fits poorly on your strangely
                  | shaped body. [an orb of fire]
 84423 | Zot:4    | Received a gift from Sif Muna
 84639 | Zot:4    | Killed an orb of fire
 84640 | Zot:4    | Reached XP level 27. HP: 171/210 MP: 44/54
 85247 | Zot:4    | Reached skill level 27 in Fire Magic
 85252 | Zot:4    | Noticed an orb of fire
 85258 | Zot:4    | Killed an orb of fire
 85780 | Zot:5    | Entered Level 5 of the Realm of Zot
 85937 | Zot:5    | Reached skill level 15 in Shields
 86038 | Zot:5    | Identified the +4 glaive "Cuugg" {holy, ^Fragile Will+++
                  | rCorr Dex-5}
 86337 | Zot:5    | Noticed an ancient lich
 86339 | Zot:5    | Noticed a dread lich
 86340 | Zot:5    | Noticed an ancient lich
 86341 | Zot:5    | Killed an ancient lich
 86344 | Zot:5    | Killed a dread lich
 86344 | Zot:5    | Killed an ancient lich
 86348 | Zot:5    | Noticed an orb of fire
 86353 | Zot:5    | Noticed a dread lich
 86357 | Zot:5    | Gained mutation: You occasionally lose the ability to read
                  | scrolls when taking damage. [an orb of fire]
 86358 | Zot:5    | Noticed an ancient lich
 86358 | Zot:5    | Killed an orb of fire
 86362 | Zot:5    | Killed an ancient lich
 86362 | Zot:5    | Killed a dread lich
 86385 | Zot:5    | Noticed an ancient lich
 86392 | Zot:5    | Killed an ancient lich
 86398 | Zot:5    | Noticed a dread lich
 86399 | Zot:5    | Noticed an orb of fire
 86403 | Zot:5    | Killed a dread lich
 86403 | Zot:5    | Noticed an orb of fire
 86404 | Zot:5    | Noticed a dread lich
 86407 | Zot:5    | Noticed an ancient lich
 86409 | Zot:5    | Killed a dread lich
 86413 | Zot:5    | Killed an orb of fire
 86414 | Zot:5    | Killed an ancient lich
 86415 | Zot:5    | Reached skill level 15 in Fighting
 86418 | Zot:5    | Noticed an ancient lich
 86419 | Zot:5    | Gained mutation: You occasionally lose the ability to drink
                  | potions when taking damage. [an orb of fire]
 86421 | Zot:5    | Killed an orb of fire
 86424 | Zot:5    | Killed an ancient lich
 86441 | Zot:5    | Lost mutation: You occasionally lose the ability to drink
                  | potions when taking damage. [potion of mutation]
 86441 | Zot:5    | Lost mutation: You are resistant to electric shocks.
                  | (rElec) [potion of mutation]
 86441 | Zot:5    | Lost mutation: You occasionally lose the ability to read
                  | scrolls when taking damage. [potion of mutation]
 86441 | Zot:5    | Gained mutation: You have supernaturally acute eyesight.
                  | (SInv) [potion of mutation]
 86441 | Zot:5    | Gained mutation: You have a pair of small horns on your
                  | head. [potion of mutation]
 86441 | Zot:5    | Gained mutation: Your muscles are strong. (Str +4, Int/Dex
                  | -1) [potion of mutation]
 86660 | Zot:5    | Received a gift from Sif Muna
 86867 | Zot:5    | Got the Orb of Zot
 86939 | Zot:1    | Gained mutation: You are vulnerable to heat. (rF-) [a
                  | cacodemon]
 86959 | Zot:1    | Noticed a seraph
 87039 | Depths:3 | Noticed Xuliliyn the pandemonium lord
 87042 | Depths:3 | Killed Xuliliyn the pandemonium lord
 87145 | Depths:3 | Noticed Niomij the pandemonium lord
 87147 | Depths:3 | Killed Niomij the pandemonium lord
 87207 | Depths:2 | Noticed Niwizuvank the pandemonium lord
 87214 | Depths:2 | Killed Niwizuvank the pandemonium lord
 87326 | D:15     | Noticed Cuim the pandemonium lord
 87331 | D:15     | Killed Cuim the pandemonium lord
 87381 | D:14     | Noticed Kutybai the pandemonium lord
 87388 | D:14     | Killed Kutybai the pandemonium lord
 87495 | D:13     | Noticed a seraph
 87788 | D:$      | Escaped with the Orb!

Illustrated notes

Levels and vault maps discovered:
D:1:      minmay_arrival_open_corners, layout_basic
D:2:      layout_rooms, hellmonk_ecumenical_altar_arch_garden,
          uniq_crazy_yiuf_cottage
D:3:      layout_basic, nzn_hepliaklqana_mist_gate, serial_shops, shop_fountains
D:4:      layout_loops_corners, wad_rectangle_vault, uniq_sigmund, uniq_menkaure
D:5:      layout_loops_ring, minmay_temple_entry_mini_moons,
          minmay_misc_feat_chi
D:6:      layout_layer_cave, yredelemnul_altar_generic, serial_shops,
          nicolae_shop_window_shopping, uniq_duvessa
D:7:      bobbens_index_wilting_gardens, layout_basic, general_overflow_altar,
          minmay_misc_feat_encased
D:8:      layout_layer_cave, nemelex_diamond_rough_becter, slow_altar_2,
          serial_shops, nicolae_shop_behind_doors, uniq_joseph
D:9:      layout_layer_cave, hellmonk_lair_entry_icy, enter_bailey_4,
          grunt_ministairs_9, st_stairs_14, dilly_guarded_unrand_elemental_staff
D:10:     layout_loops_ring, kennysheep_vampire_church,
          mainiacjoe_overflow_big_doors, jmf_multi_god_temple, orc_0_dummy
D:11:     layout_cave_pools, special_room [special_room_kobold],
          gammafunk_ghost_hive, chequers_serial_rivers_small_a
D:12:     layout_basic, serial_shops, nicolae_shop_bloodbath_and_beyond
D:13:     layout_rooms, david_vaults_3, muffindrake_ghost_dual_entry
D:14:     layout_stronghold, gammafunk_ghost_cemetery, uniq_kirke
D:15:     grunt_enter_depths_hoard, layout_loops_corners,
          gammafunk_ghost_cemetery, grunt_dithmenos_smoke, serial_ice,
          serial_ice_k, serial_ice_g, serial_ice_d, serial_ice_c, serial_ice_f,
          serial_ice_o
Temple:   minmay_temple_forest_path
Lair:1:   layout_loops_ring, basic_altar, grunt_forest_small_clearings,
          infiniplex_staircase_pool, lemuel_fruit_tree
Lair:2:   layout_layer_cave, skrybe_swamp_entry_bodies,
          spider_nest_entry_rubble, small_statue_intersection,
          infiniplex_staircase_pool_2, uniq_nergalle
Lair:3:   layout_roguey [special_room_bee], gauntlet_entry_generic,
          nzn_masters_of_martial_movement, grunt_megastairs_3,
          serial_bayou_shore_a, serial_bayou_shore_b
Lair:4:   layout_roguey, minivault_27, pdpol_lair_cavern_descent
Lair:5:   cheibrodos_lair_end_hotspot, layout_cave_pods,
          dpeg_slime_entry_corner, nicolae_lair_grazing_beasts
          [nicolae_sub_lair_graze_edge, nicolae_sub_lair_graze_edge,
          nicolae_sub_lair_graze_edge, nicolae_sub_lair_graze_edge],
          uniq_josephine
Swamp:1:  layout_basic_swamp, hangedman_swamp_ruin_hall, swamp_pool_1_2,
          uniq_louise, uniq_aizul
Swamp:2:  cheibrodos_swamp_heart_of_darkness, layout_falls_marsh,
          serial_swamp_ruin, evilmike_swamp_ruin_house_5,
          evilmike_swamp_ruin_house_6, evilmike_swamp_ruin_house_3,
          swamp_pool_1_2, hangedman_swamp_wriggling
Swamp:3:  layout_basic_swamp, nicolae_swamp_trees_clearing, swamp_pool_5,
          hangedman_swamp_grove, nicolae_swamp_tree_isthmus, uniq_donald
Swamp:4:  nzn_swamp_witches_coven, layout_basic_swamp
Spider:1: layout_spider_delve, uniq_frances
Spider:2: layout_spider_delve, hive_lemuel, uniq_jorgrun, uniq_arachne
Spider:3: layout_cave_pods, drop_trap, nicolae_spider_not_touching_you,
          uniq_nikola
Spider:4: hellmonk_spider_rune_endless_swarm
Slime:1:  layout_caves, cheibrodos_slime_lost_civilization_4
Slime:2:  layout_caves
Slime:3:  layout_caves
Slime:4:  layout_caves
Slime:5:  slime_pit
Orc:1:    layout_caves
Orc:2:    st_orc_open, layout_caves, serial_shops, shop, basic_altar,
          uniq_snorg, uniq_nessos
Elf:1:    eino_elf_arrival_sip, layout_gridlike, serial_shops,
          nicolae_shop_advertising_works [nicolae_subvault_shop_adworks],
          gammafunk_ghost_grave, kennysheep_underground_church, uniq_asterion,
          uniq_azrael, uniq_zenata
Elf:2:    elven_hall_of_blades_hangedman_original
          [nicolae_blade_entry_diamond_columns], layout_gridlike,
          portal_ice_cave_entry_pillars_four, minmay_shop_grid_forest,
          minmay_fountain_box
Elf:3:    minmay_elf_hall_spiked, layout_loops_corners, serial_shops, shop,
          item_on_display_a
Vaults:1: ebering_ghost_disaster_area, ontoclasm_vaults_ring_small,
          vaults_room_ringed_pool, nicolae_vaults_more_shelving_1,
          hangedman_vaults_unwind, nicolae_vaults_wrenched,
          nicolae_vaults_what_the_h, nicolae_vaults_shipping_containers_7,
          nicolae_vaults_trapezoid_3, v_pattern_5,
          nicolae_vaults_closet_pinwheel_3, nicolae_vaults_apartment_2,
          serial_ice_m, nicolae_vaults_little_squares_4,
          layout_vaults_maze_bifur, serial_shops, shop
Vaults:2: vaults_mumra_hex, nicolae_vaults_minivaults, v_misc_29,
          vaults_mumra_minichess, nicolae_vaults_octothorpe,
          nicolae_vaults_cornered_office, v_misc_33, vaults_mumra_chevron_long,
          vaults_room_pools, grunt_vaults_twisty, nicolae_vaults_tetromino_L_1,
          v_misc_15, nicolae_vaults_trapezoid_1, nicolae_vaults_little_ls,
          nicolae_vaults_rhombus_6, layout_vaults_omnicross, serial_glass
Vaults:3: ontoclasm_vaults_eye, vaults_room_door_ring,
          nicolae_vaults_shipping_containers_4, v_misc_10,
          minmay_crypt_entry_necro_gods, nicolae_vaults_heart-shaped_vault,
          nicolae_vaults_cornered_office, v_misc_8, v_misc_16, v_misc_10,
          minmay_orc_keep, vaults_dpeg_encased_lava, layout_vaults_omnigrid,
          serial_shops, nicolae_shop_competitors_out_of_business,
          nicolae_shop_waterfront, nicolae_shop_tiny_statue_garden, uniq_mara,
          uniq_norris
Vaults:4: special_room_vaults [special_room_orc],
          nicolae_vaults_windows_and_doors_thing, vaults_room_stairs_pillars,
          vaults_standard_mumra_lines, nicolae_vaults_doubleplus_tesselated,
          nicolae_vaults_double_plus_1, hangedman_vaults_stitches,
          nicolae_vaults_prndl, hangedman_vaults_maws, dpeg_vaults_monster_row,
          nicolae_vaults_layer_cake_slice, nicolae_vaults_tetromino_Z_1,
          serial_ice_h, layout_vaults_omnibox
Vaults:5
Crypt:1:  cheibrodos_crypt_draghalla, layout_regular_city
Crypt:2:  layout_misc_corridors, roadster_capsule_ark_zombie
Crypt:3:  evilmike_haunted_forest
Depths:1: layout_roguey, enter_ziggurat_a, hellmouth_3,
          chequers_serial_rivers_small_b, abyss_entry, beargit_elvish_explorers,
          infiniplex_staircase_pool_lava
Depths:2: minmay_box_of_statues, layout_long_grid, pan_entry,
          nicolae_ru_awakened_eye, hell_entry, minmay_shop_star,
          minmay_staircase_windowed_large
Depths:3: grunt_runaround [grunt_runaround_loot, grunt_runaround_doors_1,
          grunt_runaround_doors_2, grunt_runaround_doors_3,
          grunt_runaround_doors_4], hell_entry, abyss_entry, pan_entry
Depths:4: grunt_zot_entry_tricorne, layout_cave_pools, hell_entry,
          okawaru_gym_becter
Zot:1:    layout_cellular_growth, regret_index_zotdec_twisting_globes
Zot:2:    layout_onion_interference, hangedman_zot_decor_checkerboard
Zot:3:    layout_concentric_octagons
Zot:4:    layout_basic, zot_minivault_8
Zot:5:    layout_misc_corridors

Skill      XL: |  1  2  3  4  5  6  7  8  9 10 11 12 13 14 15 16 17 18 19 20 21 22 23 24 25 26 27 |
---------------+----------------------------------------------------------------------------------+-----
Conjurations   | 1 2 3 4 5 6 7 9 11 12 13 15 17 19 | 19.7
Spellcasting   | 2 3 4 7 8 11 12 13 14 16 17 18 20 21 22 23 25 27 | 27.0
Fire Magic     | 4 6 7 10 11 12 14 15 16 17 19 20 21 23 24 25 26 27 | 27.0
Fighting       | 1 2 5 7 10 15 | 15.0
Shapeshifting  | 2 |  2.0
Invocations    | 1 5 6 8 9 10 12 14 15 17 18 | 18.0
Translocations | 1 |  1.0
Evocations     | 1 3 4 |  4.0
Armour         | 4 6 7 9 10 | 10.0
Alchemy        | 1 5 6 |  6.0
Air Magic      | 3 5 6 |  6.0
Stealth        | 2 |  2.0
Dodging        | 2 3 |  3.0
Earth Magic    | 2 |  2.1
Shields        | 2 3 8 10 14 18 | 18.0
Necromancy     | 1 |  1.0
Hexes          | 1 |  1.0
Summonings     | 6 |  6.0

Action                     |  1- 3 |  4- 6 |  7- 9 | 10-12 | 13-15 | 16-18 | 19-21 | 22-24 | 25-27 || total
---------------------------+-------+-------+-------+-------+-------+-------+-------+-------+-------++-------
  Melee: Unarmed           |     5 |    10 |     4 |    26 |       |       |       |       |       ||    45
         Punch             |       |       |     1 |       |       |       |       |       |       ||     1
         Dagger            |       |       |    20 |       |       |       |       |       |       ||    20
         Headbutt          |       |       |    11 |    17 |    13 |     7 |     6 |       |       ||    54
         Hand axe          |       |       |    34 |     3 |       |       |       |       |       ||    37
         Dire flail        |       |       |       |    33 |       |       |       |       |       ||    33
         Staff             |       |       |       |    62 |    56 |    46 |    90 |     8 |    10 ||   272
         Battleaxe         |       |       |       |     3 |       |       |       |       |       ||     3
         Bo                |       |       |       |       |       |       |       |    26 |       ||    26
   Fire: Sling             |    82 |     2 |    16 |       |       |       |       |       |       ||   100
         Shortbow          |       |       |       |     9 |       |       |       |       |       ||     9
  Throw: Dart              |       |       |    14 |    33 |    37 |       |       |       |       ||    84
   Cast: Foxfire           |    35 |    14 |    55 |    32 |       |       |       |       |       ||   136
         Scorch            |     4 |     6 |   108 |    70 |    33 |     2 |       |     1 |       ||   224
         Flame Wave        |       |       |    13 |    46 |    57 |     3 |       |       |       ||   119
         Volatile Blastmot |       |       |       |    13 |     3 |     2 |       |       |       ||    18
         Fugue of the Fall |       |       |       |     1 |       |       |     1 |       |       ||     2
         Inner Flame       |       |       |       |    20 |    49 |       |     5 |    12 |       ||    86
         Searing Ray       |       |       |       |    13 |    20 |       |       |       |       ||    33
         Fireball          |       |       |       |    12 |    24 |     3 |    18 |     3 |     1 ||    61
         Fulminant Prism   |       |       |       |       |    23 |       |       |       |       ||    23
         Olgreb's Toxic Ra |       |       |       |       |   107 |   171 |   140 |    16 |       ||   434
         Ignite Poison     |       |       |       |       |    53 |    79 |     7 |       |       ||   139
         Plasma Beam       |       |       |       |       |    52 |   324 |   265 |   354 |   226 ||  1221
         Ignition          |       |       |       |       |       |    14 |    96 |   168 |   159 ||   437
         Stone Arrow       |       |       |       |       |       |    14 |    17 |     5 |       ||    36
         Fire Storm        |       |       |       |       |       |       |       |    21 |    46 ||    67
         Spellforged Servi |       |       |       |       |       |       |       |    18 |    57 ||    75
         Blink             |       |       |       |       |       |       |       |     2 |     4 ||     6
         Discord           |       |       |       |       |       |       |       |     1 |       ||     1
         Death's Door      |       |       |       |       |       |       |       |       |     1 ||     1
         Bombard           |       |       |       |       |       |       |       |       |    21 ||    21
 Invoke: Channel Magic     |       |       |       |       |     4 |    13 |    16 |    21 |    26 ||    80
         Divine Exegesis   |       |       |       |       |       |       |       |     1 |     1 ||     2
  Evoke: Wand              |       |       |       |    10 |     4 |    12 |     9 |     2 |    11 ||    48
         Condenser vane    |       |       |       |       |     1 |     2 |       |       |     2 ||     5
         Sack of spiders   |       |       |       |       |     1 |       |       |       |     2 ||     3
    Use: Potion            |     5 |     2 |     7 |     9 |     2 |     9 |    14 |     5 |    18 ||    71
         Scroll            |     4 |       |     5 |    13 |     6 |    10 |    12 |     2 |     3 ||    55
   Stab: Sleeping          |       |       |       |     3 |     1 |       |       |       |       ||     4
         Distracted        |       |       |       |       |     1 |       |     1 |     1 |       ||     3
 Armour: Leather armour    |    50 |       |       |       |       |       |       |       |       ||    50
         Skin              |     4 |     8 |     3 |    55 |       |       |       |       |       ||    70
         Robe              |       |     2 |   161 |     6 |    77 |   267 |   235 |   238 |   345 ||  1331
         Shadow dragon sca |       |       |       |   296 |   345 |       |       |       |       ||   641
         Animal skin       |       |       |       |       |       |       |    56 |       |       ||    56
  Dodge: Dodged            |    46 |     5 |   121 |    95 |   126 |   120 |   124 |    99 |    98 ||   834
  Block: Buckler           |       |       |       |       |       |       |    13 |    42 |    68 ||   123
         Reflection        |       |       |       |       |       |       |       |     1 |     2 ||     3
   Form: Beast             |       |       |     1 |       |       |       |       |       |       ||     1
                           |       |       |     1 |       |       |       |       |       |       ||     1

Table legend: (Time is in decaauts)
 A = Elapsed time spent in this place.
 B = Non-inter-level travel time spent in this place.
 C = Inter-level travel time spent in this place.
 D = Time resting spent in this place.
 E = Time spent auto-exploring this place.
 F = Levels seen in this place.
 G = Mean time per level.
                   A        B        C        D        E       F      G
               +--------+--------+--------+--------+--------+-----+--------+
         Total |  88051 |  76448 |  11603 |    690 |  62765 |  59 | 1492.4 |
       Dungeon |  25779 |  20243 |   5536 |    388 |  16754 |  15 | 1718.6 |
        Temple |     87 |      5 |     82 |      0 |      0 |   1 |   87.0 |
          Lair |   9532 |   7822 |   1710 |      0 |   6213 |   5 | 1906.4 |
         Swamp |   4585 |   4346 |    239 |      0 |   3871 |   4 | 1146.2 |
   Spider Nest |   7167 |   6733 |    434 |    156 |   5630 |   4 | 1791.8 |
    Slime Pits |   3108 |   2828 |    280 |      0 |   2296 |   5 |  621.6 |
  Orcish Mines |   1901 |   1484 |    417 |      0 |   1214 |   2 |  950.5 |
   Elven Halls |   4336 |   3741 |    595 |     23 |   2894 |   3 | 1445.3 |
        Vaults |  11580 |  10477 |   1103 |      0 |   9016 |   5 | 2316.0 |
         Crypt |   5941 |   5541 |    400 |      0 |   4634 |   3 | 1980.3 |
        Depths |   5193 |   4740 |    453 |     85 |   3683 |   4 | 1298.2 |
           Zot |   6230 |   5880 |    350 |      0 |   4892 |   5 | 1246.0 |
        Bailey |    433 |    433 |      0 |     14 |    147 |   1 |  433.0 |
      Ice Cave |   1562 |   1562 |      0 |     24 |   1231 |   1 | 1562.0 |
      Gauntlet |    611 |    611 |      0 |      0 |    287 |   1 |  611.0 |
               +--------+--------+--------+--------+--------+-----+--------+

Top non-repeatable levels by time:
Vaults:3: 3500 daAuts
  Lair:5: 3342 daAuts
     D:7: 2836 daAuts
     D:9: 2827 daAuts
 Crypt:3: 2803 daAuts
Vaults:2: 2681 daAuts
Spider:3: 2559 daAuts
    D:15: 2266 daAuts
Vaults:4: 2145 daAuts
  Lair:2: 1975 daAuts
    D:10: 1942 daAuts
Vaults:1: 1933 daAuts
     D:4: 1918 daAuts
Spider:2: 1898 daAuts
Depths:3: 1883 daAuts
